 Dungeon Crawl Stone Soup version 0.18-a0-1677-g2bdad6c (webtiles) character file.

116005 4thArraOfDagon the Executioner (level 16, -8/240 HPs)
             Began as a Hill Orc Berserker on Apr 2, 2016.
             Was a High Priest of Trog.
             Mangled by a slime creature (11 damage)
             ... on level 3 of the Swamp.
             The game lasted 00:48:42 (8620 turns).

4thArraOfDagon the Executioner (Hill Orc Berserker) Turns: 8620, Time: 00:48:43

Health: -8/240     AC: 20    Str: 38    XL:     16   Next: 70%
Magic:  23/23      EV:  7    Int: 11    God:    Trog [*****.]
Gold:   912        SH:  0    Dex: 12    Spells: 0 memorised, 15 levels left

rFire  . . .     SeeInvis +     U - +4 executioner's axe (flame)
rCold  + . .     Gourm    .     O - +6 scale mail of the Pirate {+Blink Str+6 Slay+3}
rNeg   . . .     Faith    .     (shield currently unavailable)
rPois  +         Spirit   .     f - +1 hat
rElec  +         Dismiss  .     X - +0 cloak
rCorr  .         Reflect  .     (no gloves)
SustAt .         Harm     .     B - +2 pair of boots of Dithmenos's Whim {Regen+ Int+4 Dex+2}
MR     +++..     Rnd*Tele +     (no amulet)
Stlth  ..........               d - ring of the Demon Prince {*Tele rElec rC+ Slay+3}
                                Z - ring of Nivvapn {rPois Stlth+}

@: berserking, grasped by roots, regenerating, very quick, extremely resistant
to hostile enchantments, extremely unstealthy
A: horns 1, see invisible, deformed body, deterioration 1, mutation resistance
1, sense surroundings 1, robust 1, shaggy fur 1, subdued magic 1, MP-powered
wands
a: Berserk, Trog's Hand, Brothers in Arms, Burn Spellbooks, Renounce Religion,
Evoke Blink


You were on level 3 of the Swamp.
You worshipped Trog.
Trog was extremely pleased with you.
You were not hungry.

You visited 4 branches of the dungeon, and saw 29 of its levels.
You visited 2 bazaars.
You also visited: Sewer.

You collected 2056 gold pieces.
You spent 1144 gold pieces at shops.

Inventory:

Hand Weapons
 A - a +3 vampiric war axe
 U - a +4 executioner's axe of flaming (weapon)
Missiles
 N - 2 throwing nets (quivered)
 Q - 3 exploding tomahawks
Armour
 f - a +1 hat (worn)
 j - a +2 ice dragon armour
 B - the +2 pair of boots of Dithmenos's Whim (worn) {Regen+ Int+4 Dex+2}
   (You bought it in a shop in a bazaar)

   It affects your intelligence (+4).
   It affects your dexterity (+2).
   It increases your rate of regeneration.
 O - the +6 scale mail of the Pirate (worn) {+Blink Str+6 Slay+3}
   (You bought it in a shop in a bazaar)

   It affects your strength (+6).
   It affects your accuracy and damage with ranged weapons and melee attacks
   (+3).
   It lets you blink.
 X - a +0 cloak (worn)
Jewellery
 d - the ring of the Demon Prince (right hand) {*Tele rElec rC+ Slay+3}
   (You found it on level 8 of the Lair of Beasts)

   [ring of teleportation]

   It may teleport you next to monsters.
   It affects your accuracy and damage with ranged weapons and melee attacks
   (+3).
   It protects you from cold.
   It insulates you from electricity.
 q - an uncursed ring of protection from magic
 v - a +4 ring of protection
 M - an uncursed ring of protection from fire
 Z - the ring of Nivvapn (left hand) {rPois Stlth+}
   (You bought it in a shop on level 2 of the Orcish Mines)

   [ring of stealth]

   It protects you from poison.
   It makes you more stealthy.
Wands
 c - a wand of iceblast (5/15)
 r - a wand of random effects (2/48)
 y - a wand of disintegration (4/24)
 z - a wand of lightning (9/15)
 C - a wand of digging (15/24)
 H - a wand of flame (14/48)
 I - a wand of iceblast (13/15)
 L - a wand of enslavement (14/24)
 R - a wand of slowing (26/48)
 W - a wand of paralysis (12/24)
Scrolls
 b - 6 scrolls of teleportation
 g - 4 scrolls of blinking
 h - 4 scrolls of remove curse
 o - a scroll of magic mapping
 p - a scroll of noise
 t - 4 scrolls of enchant armour
 D - 2 scrolls of holy word
 F - 4 scrolls of brand weapon
 G - 2 scrolls of fog
 S - a scroll of fear
Potions
 i - 8 potions of flight
 k - a potion of magic
 l - 2 potions of heal wounds
 m - 4 potions of curing
 n - a potion of resistance
 s - a potion of invisibility
 E - 6 potions of might
 J - 2 potions of berserk rage
 K - a potion of cancellation
 P - 5 potions of haste
Books
 w - a book of Unlife

   Spells                             Type                      Level
   a - Recall                         Summoning/Translocation      3
   b - Animate Dead                   Necromancy                   4
   c - Control Undead                 Necromancy                   4
   d - Cigotuvi's Embrace             Necromancy                   5
   e - Death Channel                  Necromancy                   6
   f - Simulacrum                     Ice/Necromancy               6
   Trog disapproves of the use of such an item.
 x - a book of Flames

   Spells                             Type                      Level
   a - Flame Tongue                   Conjuration/Fire             1
   b - Throw Flame                    Conjuration/Fire             2
   c - Conjure Flame                  Conjuration/Fire             3
   d - Inner Flame                    Hexes/Fire                   3
   e - Sticky Flame                   Conjuration/Fire             4
   f - Fireball                       Conjuration/Fire             5
   Trog disapproves of the use of such an item.
Miscellaneous
 e - a plain deck of changes {the Blade}
 T - a lamp of fire
 Y - a phial of floods
Comestibles
 a - 9 bread rations
 u - 4 meat rations


   Skills:
 - Level 14.1 Fighting
 * Level 23.3 Axes
 + Level 15.0 Armour
 - Level 1.5 Dodging
 - Level 10.0 Evocations


You had 15 spell levels left.
You didn't know any spells.

Dungeon Overview and Level Annotations

Branches:
Dungeon (15/15)              Lair (8/8) D:11          Swamp (4/4) Lair:5
  Snake (0/4) Lair:3          Orc (2/2) D:11            Elf (0/3) Orc:2
 Vaults (0/5) D:14         Depths (0/5) D:15
 Temple: D:4-7        Slime: Lair:6-8

Altars:
Ru
Vehumet
Beogh

Shops:
D:10 =   D:13 :   Orc:2 (%=(

Annotations:
D:7 exclusions: downstairs and upstairs
Lair:5 exclusion: oklob plant
Swamp:2 exclusion: Roxanne, Roxanne


Innate Abilities, Weirdness & Mutations

You have a pair of small horns on your head.
You have supernaturally acute eyesight.
Armour fits poorly on your strangely shaped body.
Your body sometimes deteriorates upon taking damage.
You are somewhat resistant to further mutation.
You passively map a small area around you.
You are robust (+10% HP).
You are covered in fur (AC +1).
Your spells are a little easier to cast, but a little less powerful.
You expend magic power (3 MP) to strengthen your wands.


Message History

The flame cauterises the wound!
You slash the three-headed hydra! You burn the three-headed hydra.
The three-headed hydra is almost dead.
You slash the slime creature! You burn the slime creature.
The slime creature is severely wounded.
You slash the slime creature! You burn the slime creature.
The slime creature is heavily wounded.
You slice the very large slime creature!!
You burn the very large slime creature.
The very large slime creature is heavily wounded.
You barely miss the spriggan rider.
The spriggan rider is moderately wounded.
You slice the swamp drake!! You burn the swamp drake!
You kill the swamp drake!
Trog accepts your kill.
The spriggan rider is engulfed in noxious fumes.
The spriggan rider appears confused.
The slime creature hits you but does no damage.
The slime creature hits you!
You die...

≈ ** ♣♣.≈≈.♣♣.≈≈≈≈
≈ ♣♣≈§≈≈...≈≈..♣≈
♣♣..≈.≈≈≈...≈.. *
♣♣ ♣.≈..≈≈≈≈......
,
≈≈.≈♣....≈≈≈≈≈....
, ≈..≈≈♣♣..≈≈≈..#
* ≈≈≈≈♣.i≈♣♣..≈..#
,, ≈≈≈≈..≈§§D..♣,
, ≈.≈≈.fJ@D.♣♣ , *
....♣.JJ§.♣ , * ♣
*♣♣.≈≈...[ ,
♣.≈≈§....# ,
♣♣.≈§≈≈..#
♣..≈≈≈≈... * * ,
♣♣.≈.♣≈♣.. ≈ ,*
≈...♣♣.≈♣≈ , *


You could see a shambling mangrove, a three-headed hydra, a swamp dragon, a very
large slime creature, 2 slime creatures and a spriggan rider (confused).

Vanquished Creatures
  Rupert (Lair:3)
  Gastronok (D:9)
  Kirke (Lair:8)
  A thorn hunter (Swamp:4)
  Maud (D:10)
  An orc warlord (Orc:1)
  Azrael (Orc:2)
  The ghost of angel3174 the Basher, a journeyman GrBe of Trog (D:15)
  Josephine (D:11)
  3 vault guards (D:14)
  A yaktaur captain (D:15)
  9 hydras
  An anaconda (Swamp:2)
  A centaur warrior (D:15)
  2 ghost crabs (Swamp:4)
  A catoblepas (Lair:8)
  An ogre mage (D:15)
  An orc high priest (Orc:2)
  7 death yaks (Lair:7)
  3 spriggans (Swamp:1)
  2 unseen horrors
  3 wizards (D:14)
  A necromancer (D:14)
  An orc knight (D:12)
  A lindwurm (Lair:8)
  2 swamp dragons
  A shambling mangrove (Swamp:1)
  7 hill giants
  A deep elf mage (D:15)
  21 ugly things
  A griffon (Lair:8)
  5 orc sorcerers
  A hornet (Swamp:4)
  2 manticores (Lair:8)
  2 black mambas
  A torpor snail (Lair:6)
  9 spiny frogs
  A gargoyle (D:11)
  Joseph (D:8)
  3 kobold demonologists
  An efreet (D:15)
  2 rime drakes
  A yaktaur (D:15)
  10 komodo dragons
  A troll (Orc:2)
  A troll (shapeshifter) (D:14)
  2 giant leeches (Lair:5)
  6 blink frogs
  A polar bear (Lair:8)
  5 two-headed ogres
  13 slime creatures
  6 wraiths
  2 shadows
  18 yaks
  A hog (Lair:8)
  3 basilisks
  A vampire (D:15)
  A wyvern (Lair:8)
  2 water elementals (D:15)
  5 hippogriffs
  18 humans (D:14)
  2 hungry ghosts
  12 vampire mosquitoes
  12 insubstantial wisps
  7 wargs
  A soldier ant (D:13)
  2 swamp worms
  10 water moccasins
  4 hell hounds (Orc:2)
  20 orc warriors
  8 swamp drakes
  4 porcupines
  6 wasps
  2 sky beasts
  A necrophage (D:5)
  3 ice beasts
  A black bear (D:7)
  2 phantoms
  5 centaurs
  4 ogres
  21 wolves
  10 crocodiles
  9 big kobolds
  10 giant frogs
  3 wyvern skeletons
  7 scorpions
  5 killer bees (D:10)
  3 wights (D:8)
  2 electric eels (Lair:8)
  2 crimson imps (D:8)
  2 centaur zombies
  A quasit (D:8)
  16 orc priests
  4 hounds
  3 jellies (D:12)
  8 centaur skeletons
  2 giant frog skeletons
  7 iguanas
  23 orc wizards
  4 worker ants
  6 sheep (Lair:8)
  A hound skeleton (D:11)
  2 worker ant zombies
  7 adders
  26 river rats
  3 shadow imps
  5 oozes
  An adder zombie (D:7)
  6 worms
  6 giant geckos
  65 orcs
  4 giant cockroaches
  10 jackals
  26 kobolds
  2 quokkas
  8 ball pythons
  A ball python skeleton (D:6)
  A giant newt (D:3)
  5 rats (D:4)
  A butterfly (Lair:1)
  3 fungi
  3 plants
645 creatures vanquished.

Vanquished Creatures (collateral kills)
  The ghost of feelmyfire the Warrior, an adept MiFi of Trog (Orc:2)
  An ogre mage (D:15)
2 creatures vanquished.

Vanquished Creatures (others)
  2 ball lightnings (D:13)
  A giant cockroach (D:6)
  A plant (Lair:8)
4 creatures vanquished.

Grand Total: 651 creatures vanquished

Notes
Turn   | Place    | Note
--------------------------------------------------------------
     0 | D:1      | 4thArraOfDagon the Hill Orc Berserker began the quest for the Orb.
     0 | D:1      | Reached XP level 1. HP: 19/19 MP: 1/1
     1 | D:1      | Noticed a green draconian
     1 | D:1      | Noticed a large abomination
     3 | D:1      | Noticed an orb of fire
     5 | D:1      | Noticed a large abomination
     6 | D:1      | Noticed an ice dragon
     7 | D:1      | Noticed a tentacled monstrosity
    10 | D:1      | Noticed a large abomination
    10 | D:1      | Noticed an orb of fire
    12 | D:1      | Noticed a white draconian
    12 | D:1      | Noticed an ice dragon
    14 | D:1      | Noticed a large abomination
    14 | D:1      | Noticed an iron dragon
    14 | D:1      | Noticed a shadow dragon
    16 | D:1      | Noticed a shadow dragon
    16 | D:1      | Noticed an orb of fire
    18 | D:1      | Noticed an iron dragon
    86 | D:3      | Reached XP level 2. HP: 27/27 MP: 2/2
   113 | D:3      | Found a sacrificial altar of Ru.
   217 | D:4      | Noticed an ogre
   227 | D:4      | Killed an ogre
   227 | D:4      | Reached skill level 5 in Axes
   227 | D:4      | Reached XP level 3. HP: 17/34 MP: 3/3
   227 | D:4      | Reached XP level 4. HP: 20/41 MP: 4/4
   303 | D:4      | Reached skill level 6 in Axes
   303 | D:4      | Reached XP level 5. HP: 24/47 MP: 5/5
   333 | D:4      | Reached ** piety under Trog
   350 | D:4      | Found a glowing drain.
   392 | Sewer    | Entered a sewer
   600 | Sewer    | Reached XP level 6. HP: 55/55 MP: 6/6
   628 | D:4      | Yermak: there is a room with a bunch of tp scrolls
   635 | D:4      | Yermak: was
   635 | D:4      | 4thArraOfDagon: ohh
   635 | D:4      | 4thArraOfDagon: didn't know
   656 | D:5      | Entered Level 5 of the Dungeon
   656 | D:5      | Noticed a necrophage
   660 | D:5      | Killed a necrophage
   660 | D:5      | Reached skill level 5 in Fighting
   660 | D:5      | Reached skill level 7 in Axes
   688 | D:5      | Noticed an ice beast
   733 | D:5      | Killed an ice beast
   794 | D:4      | jacquesderrida: p2p scrolls
   799 | D:3      | Found a radiant altar of Vehumet.
   891 | D:5      | Reached XP level 7. HP: 53/61 MP: 7/7
   940 | D:6      | Reached skill level 8 in Axes
  1266 | D:7      | Paralysed by a wasp for 2 turns
  1270 | D:7      | Reached skill level 5 in Armour
  1422 | D:7      | Reached skill level 9 in Axes
  1422 | D:7      | Reached XP level 8. HP: 70/70 MP: 8/8
  1524 | D:8      | Noticed Joseph
  1625 | D:8      | Killed Joseph
  1625 | D:8      | Reached skill level 10 in Axes
  1725 | D:8      | Reached XP level 9. HP: 79/79 MP: 9/9
  1725 | D:8      | Reached skill level 11 in Axes
  2091 | D:10     | Entered Level 10 of the Dungeon
  2131 | D:10     | Noticed a hill giant
  2138 | D:10     | Killed a hill giant
  2138 | D:10     | Reached skill level 12 in Axes
  2196 | D:11     | Reached *** piety under Trog
  2298 | D:12     | Noticed a hill giant
  2305 | D:12     | Killed a hill giant
  2305 | D:12     | Reached skill level 13 in Axes
  2305 | D:12     | Reached XP level 10. HP: 90/90 MP: 10/10
  2356 | D:12     | Noticed a kobold demonologist
  2369 | D:12     | Killed a kobold demonologist
  2402 | D:11     | Noticed a kobold demonologist
  2407 | D:11     | Noticed a kobold demonologist
  2415 | D:11     | Killed a kobold demonologist
  2417 | D:11     | Noticed an orange demon
  2426 | D:11     | Killed a kobold demonologist
  2557 | D:12     | Reached skill level 14 in Axes
  2564 | D:12     | Reached **** piety under Trog
  2615 | D:12     | Noticed an orc knight
  2630 | D:12     | Killed an orc knight
  2630 | D:12     | Reached skill level 10 in Fighting
  2723 | D:12     | Received a gift from Trog
  2747 | D:13     | Reached XP level 11. HP: 100/100 MP: 11/11
  2753 | D:13     | Reached skill level 15 in Axes
  2786 | D:13     | Found Rajyxen's Book Emporium.
  3068 | D:13     | Gained mutation: You expend magic power (3 MP) to strengthen your wands. [mutagenic meat]
  3069 | D:13     | Gained mutation: You are covered in fur (AC +1). [mutagenic meat]
  3131 | D:13     | Reached skill level 10 in Armour
  3138 | D:13     | Reached skill level 1 in Evocations
  3258 | D:14     | Reached skill level 16 in Axes
  3272 | D:14     | Noticed a wizard
  3284 | D:14     | Killed a wizard
  3287 | D:14     | Reached ***** piety under Trog
  3333 | D:14     | Found a gate to the Vaults.
  3333 | D:14     | Noticed a vault guard
  3333 | D:14     | Noticed a necromancer
  3333 | D:14     | Noticed a vault guard
  3333 | D:14     | Noticed a wizard
  3333 | D:14     | Noticed a wizard
  3333 | D:14     | Noticed a vault guard
  3342 | D:14     | Killed a necromancer
  3342 | D:14     | Reached XP level 12. HP: 110/110 MP: 14/14
  3352 | D:14     | Killed a vault guard
  3353 | D:14     | Killed a vault guard
  3363 | D:14     | Killed a vault guard
  3363 | D:14     | Reached skill level 17 in Axes
  3439 | D:14     | Found a flickering gateway to a bazaar.
  3448 | Bazaar   | Entered a bazaar
  3451 | Bazaar   | Found Cudiegamn's Antique Weapon Shop.
  3458 | Bazaar   | jacquesderrida: deng
  3462 | Bazaar   | Found Pumuv's Magic Scroll Boutique.
  3468 | Bazaar   | jacquesderrida: arker
  3483 | Bazaar   | Found Matwin's Antique Armour Shoppe.
  3495 | Bazaar   | jacquesderrida: buts
  3496 | Bazaar   | Found Cuaseon's Weapon Boutique.
  3517 | Bazaar   | minicreteconcrete: concrete!
  3519 | Bazaar   | 4thArraOfDagon: STFU!
  3519 | Bazaar   | jacquesderrida: Yes!
  3519 | Bazaar   | jacquesderrida: Fucker!
  3519 | Bazaar   | Bought a pair of transparent boots for 209 gold pieces
  3529 | Bazaar   | Identified the +2 pair of boots of Dithmenos's Whim {Regen+ Int+4 Dex+2} (You bought it in a shop in a bazaar)
  3529 | Bazaar   | minicreteconcrete: C O N C R E T E
  3530 | Bazaar   | jacquesderrida: I will destroy your concrete!
  3530 | Bazaar   | jacquesderrida: Daaaang
  3530 | Bazaar   | Bought a warped scale mail for 198 gold pieces
  3531 | Bazaar   | minicreteconcrete: C O N C R E T E
  3533 | Bazaar   | jacquesderrida: Very nice shoes!
  3553 | Bazaar   | Bought a scroll of enchant weapon for 67 gold pieces
  3553 | Bazaar   | Bought a scroll of enchant armour for 67 gold pieces
  3553 | Bazaar   | Bought a scroll of magic mapping for 31 gold pieces
  3553 | Bazaar   | Bought a scroll of magic mapping for 31 gold pieces
  3553 | Bazaar   | Bought a scroll of identify for 18 gold pieces
  3553 | Bazaar   | Bought a scroll of identify for 18 gold pieces
  3553 | Bazaar   | minicreteconcrete: and so beautiful too
  3553 | Bazaar   | Identified the +6 scale mail of the Pirate {+Blink Str+6 Slay+3} (You bought it in a shop in a bazaar)
  3565 | Bazaar   | jacquesderrida: daaaaaaaaaaang
  3621 | D:14     | jacquesderrida: Who are you calling beautiful?!
  3634 | D:14     | jacquesderrida: You are beautiful!!
  3649 | D:14     | minicreteconcrete: i am
  3693 | D:14     | minicreteconcrete: boots are as well
  3693 | D:14     | jacquesderrida: NOT!!
  3693 | D:14     | Gained mutation: You passively map a small area around you. [mutagenic meat]
  3694 | D:14     | Gained mutation: Armour fits poorly on your strangely shaped body. [mutagenic meat]
  3695 | D:14     | Gained mutation: You have a pair of small horns on your head. [mutagenic meat]
  3696 | D:14     | Gained mutation: Your spells are a little easier to cast, but a little less powerful. [mutagenic meat]
  3697 | D:14     | Gained mutation: You passively map the area around you. [mutagenic meat]
  3698 | D:14     | Gained mutation: You occasionally shout uncontrollably at your foes. [mutagenic meat]
  3699 | D:14     | Gained mutation: You are resistant to hostile enchantments. [mutagenic meat]
  3701 | D:14     | Lost mutation: You are resistant to hostile enchantments. [mutagenic meat]
  3703 | D:14     | Gained mutation: You are robust (+10% HP). [mutagenic meat]
  3705 | D:14     | Reached skill level 5 in Evocations
  3741 | D:14     | minicreteconcrete: what are you, 11?
  3753 | D:15     | Entered Level 15 of the Dungeon
  3754 | D:15     | WTF
  3780 | D:15     | Found a flickering gateway to a bazaar.
  3820 | D:15     | Noticed an ogre mage
  3829 | D:15     | Killed an ogre mage
  3839 | D:15     | Reached skill level 18 in Axes
  3839 | D:15     | Reached XP level 13. HP: 130/130 MP: 15/17
  3992 | D:15     | Noticed angel3174's ghost (journeyman GrBe)
  4006 | D:15     | Killed angel3174's ghost
  4010 | D:15     | Lost mutation: You passively map the area around you. [mutagenic meat]
  4011 | D:15     | Lost mutation: You occasionally shout uncontrollably at your foes. [mutagenic meat]
  4012 | D:15     | Gained mutation: You have supernaturally acute eyesight. [mutagenic meat]
  4014 | D:15     | Gained mutation: You are somewhat resistant to further mutation. [mutagenic meat]
  4021 | D:15     | jacquesderrida: You are i11
  4025 | D:15     | jacquesderrida: sicko!
  4027 | D:15     | Gained mutation: Your body sometimes deteriorates upon taking damage. [mutagenic meat]
  4045 | D:15     | Noticed a yaktaur captain
  4128 | D:15     | minicreteconcrete: oh sorry, of course you are
  4136 | D:15     | minicreteconcrete: not
  4176 | D:15     | minicreteconcrete: more like 9, right?
  4216 | D:15     | jacquesderrida: Get help
  4228 | D:15     | Noticed a yaktaur captain
  4232 | D:15     | Killed a yaktaur captain
  4271 | D:15     | minicreteconcrete: you should
  4277 | Bazaar   | Entered a bazaar
  4277 | Bazaar   | Found Pecworeh's Antique Armour Shop.
  4292 | Bazaar   | Found Yfehicw's General Store.
  4312 | Bazaar   | Found Ikuryaplamn's Antique Weapon Shop.
  4340 | Bazaar   | Bought a scroll of enchant armour for 75 gold pieces
  4426 | D:14     | Reached skill level 19 in Axes
  4653 | D:10     | Found Ziaqoh's Jewellery Boutique.
  4742 | D:10     | Identified a scroll of acquirement
  4745 | D:10     | :(
  4750 | D:10     | Reached XP level 14. HP: 141/141 MP: 18/21
  4844 | D:9      | Reached skill level 10 in Evocations
  4903 | D:9      | Noticed Gastronok
  4918 | D:9      | Killed Gastronok
  5050 | D:11     | Found a staircase to the Orcish Mines.
  5054 | Orc:1    | Entered Level 1 of the Orcish Mines
  5054 | Orc:1    | Noticed an orc warlord
  5070 | Orc:1    | Killed an orc warlord
  5179 | Orc:2    | Entered Level 2 of the Orcish Mines
  5181 | Orc:2    | Found a staircase to the Elven Halls.
  5186 | Orc:2    | Noticed Azrael
  5200 | Orc:2    | Killed Azrael
  5200 | Orc:2    | Reached XP level 15. HP: 149/149 MP: 22/22
  5271 | Orc:2    | Noticed feelmyfire's ghost (adept MiFi)
  5291 | Orc:2    | Killed feelmyfire's ghost
  5302 | Orc:2    | Received a gift from Trog
  5306 | Orc:2    | Found a roughly hewn altar of Beogh.
  5500 | Orc:2    | Found Kehuv's Weapon Shop.
  5500 | Orc:2    | Found Jupsulas's Antique Weapon Boutique.
  5500 | Orc:2    | Found Meiru's Food Shop.
  5505 | Orc:2    | Found Viliud's Jewellery Boutique.
  5520 | Orc:2    | Reached skill level 20 in Axes
  5589 | Orc:2    | Bought the ring of Nivvapn {rPois Stlth+} for 430 gold pieces
  5742 | D:11     | Noticed Josephine
  5757 | D:11     | Killed Josephine
  6256 | D:10     | Noticed Maud
  6265 | D:10     | Received a gift from Trog
  6266 | D:10     | Killed Maud
  6531 | D:11     | Found a staircase to the Lair.
  6544 | Lair:1   | Entered Level 1 of the Lair of Beasts
  6888 | Lair:3   | Found a staircase to the Snake Pit.
  6895 | Lair:3   | Noticed Rupert
  6907 | Lair:3   | Killed Rupert
  6967 | Lair:4   | Reached skill level 21 in Axes
  7111 | Lair:5   | Found a dark tunnel.
  7127 | Lair:5   | :)
  7372 | Lair:6   | Reached ****** piety under Trog
  7440 | Lair:7   | Received a gift from Trog
  7494 | Lair:8   | Entered Level 8 of the Lair of Beasts
  7624 | Lair:7   | You fall through a shaft!
  7714 | Lair:8   | Reached XP level 16. HP: 145/160 MP: 23/23
  7804 | Lair:8   | Got a coiled silver ring
  7806 | Lair:8   | Identified the ring of the Demon Prince {*Tele rElec rC+ Slay+3} (You found it on level 8 of the Lair of Beasts)
  7836 | Lair:8   | Reached skill level 22 in Axes
  7933 | Lair:8   | Noticed Kirke
  7942 | Lair:8   | Killed Kirke
  7995 | Lair:6   | Received a gift from Trog
  8034 | Lair:5   | Found a staircase to the Swamp.
  8060 | Swamp:1  | Entered Level 1 of the Swamp
  8471 | Swamp:2  | Reached skill level 23 in Axes
  8502 | Swamp:2  | Noticed Roxanne
  8537 | Swamp:4  | Entered Level 4 of the Swamp
  8550 | Swamp:4  | Noticed a thorn hunter
  8561 | Swamp:4  | Killed a thorn hunter
  8561 | Swamp:4  | Reached skill level 15 in Armour
  8619 | Swamp:3  | HP: 5/240 [very large slime creature (53)]
  8619 | Swamp:3  | HP: 2/240 [four-headed hydra (3)]
  8620 | Swamp:3  | Mangled by a slime creature

Vault maps used:
D:1:      shiori_arrival_whats_in_store_for_you
D:2:      overflow_temple_1_default, grunt_qazlal_sundering, uniq_natasha
D:3:      nicolae_ru_great_annihilating_truth, vehumet_crystals,
          grunt_pakellas_sulfur, uniq_crazy_yiuf_cottage
D:4:      portal_sewer_entry_b, first_bread, minivault_14
D:5:      temple_fountains, kennysheep_crisscross, lemuel_blue_sif_altar
D:6:      minitemple, serial_bayou, serial_bayou_lagoon_a, serial_bayou_pond_b,
          serial_bayou_lagoon_b, serial_bayou_shore_b, serial_bayou_pond_b,
          serial_bayou_ford_a
D:8:      grunt_ogre_cave, kennysheep_diamond, roderic_lattice_a, uniq_pikel,
          uniq_maurice, uniq_joseph
D:9:      uniq_gastronok
D:10:     serial_shops, shop, uniq_maud
D:11:     lair_0_dummy, minmay_orc_entry_guard_dogs, uniq_josephine
D:13:     serial_shops, shop, aerie_lemuel
D:14:     grunt_vaults_entry_tiered, serial_shops, bzr_firewalk,
          minmay_misc_feat_ornament
D:15:     hangedman_depths_entry_civil_slaughter, serial_shops,
          bzr_entry_lakeside, hangedman_abyss_or_decor_lesser_grid,
          nicolae_lava_and_water, kb_rosetta
Lair:1:   minmay_stone_trees_medium, beast_lair_carwin_5, lemuel_fruit_fields
Lair:2:   minivault_24, serial_bayou_shore_b
Lair:3:   dummy_snake_entry, beast_lair_carwin_10, uniq_harold, uniq_rupert
Lair:4:   st_stairs_10
Lair:5:   minmay_swamp_entry_worms, lightli_volcano_entry_magma_tube,
          grunt_megastairs_3, uniq_snorg
Lair:6:   beast_lair_carwin_large_1, slime_dummy, st_stairs_9
Lair:7:   minivault_25, bh_autumn_forest_stairs
Lair:8:   hangedman_lair_in_review, serial_bayou_shore_a, uniq_kirke
Swamp:1:  evilmike_swamp_ruin_house_5
Swamp:2:  hangedman_swamp_ruin_wall, swamp_pool4, nicolae_swamp_snake_nest,
          uniq_roxanne
Swamp:3:  evilmike_swamp_ruin_house_1, uniq_jorgrun
Swamp:4:  swamp_basic_johnstein, uniq_donald
Orc:2:    st_orc_mages, lemuel_statue_altar, uniq_azrael
Bazaar:   bazaar_kb_twisted_cavern, bazaar_jpeg_cross
Sewer:    sewer_fruit_machine

Skill      XL: |  1  2  3  4  5  6  7  8  9 10 11 12 13 14 15 16 |
---------------+-------------------------------------------------+-----
Fighting       | 4 5 6 7 8 10 11 12 13 14 | 14.1
Axes           | 5 6 7 9 10 13 14 16 18 19 21 23 | 23.3
Armour         | 3 4 5 6 8 9 10 11 12 14 15 | 15.0
Evocations     | 3 5 9 10 | 10.0
Dodging        | |  1.5

Action                   |  1- 3 |  4- 6 |  7- 9 | 10-12 | 13-15 | 16-18 || total
-------------------------+-------+-------+-------+-------+-------+-------++-------
Melee: Hand axe          |    24 |   106 |    59 |       |       |       ||   189
       War axe           |       |       |   155 |   401 |   607 |    99 ||  1262
       Executioner's axe |       |       |       |       |       |   121 ||   121
Throw: Javelin           |     1 |       |       |       |       |       ||     1
Invok: Berserk           |     2 |     5 |     8 |     9 |    11 |     3 ||    38
       Trog's Hand       |       |     2 |     9 |     6 |     5 |     9 ||    31
       Brothers in Arms  |       |       |       |       |     2 |     1 ||     3
       Burn Spellbooks   |       |       |       |       |     1 |       ||     1
Evoke: Wand              |       |       |       |       |     5 |     3 ||     8
  Use: Potion            |       |     2 |       |       |     4 |       ||     6
       Scroll            |       |       |     2 |    19 |    12 |     4 ||    37
  Eat: Chunk             |       |     6 |    12 |    28 |    28 |       ||    74
       Fruit             |       |       |     4 |     4 |     5 |     3 ||    16
       Bread ration      |       |       |     1 |       |       |       ||     1
       Beef jerky        |       |       |       |       |     2 |     1 ||     3
       Pizza             |       |       |       |       |       |     2 ||     2
       Royal jelly       |       |       |       |       |       |     1 ||     1
